 Dungeon Crawl Stone Soup version 0.25-a0-665-ga69d64035b (webtiles) character file.

Game seed: 17902997801051082357, levelgen mode: deterministic

16342 Conn the Thaumaturge (level 12, -2/75 HPs)
             Began as an Octopode Earth Elementalist on Mar 26, 2020.
             Was an Elder of Sif Muna.
             Slain by a vampire (5 damage)
             ... on level 10 of the Dungeon.
             The game lasted 01:15:34 (14431 turns).

Conn the Thaumaturge (Octopode Earth Elementalist) Turns: 14431, Time: 01:15:34

Health: -2/75      AC:  8    Str:  9    XL:     12   Next: 36%
Magic:  10/36      EV: 12    Int: 21    God:    Sif Muna [****..]
Gold:   366        SH: 10    Dex: 14    Spells: 13/33 levels left

rFire    + . .     SeeInvis .   F - +8 long sword of Innocence {vamp, rElec}
rCold    . . .     Gourm    .   L - +2 kite shield {reflect}
rNeg     . . .     Faith    .   (helmet restricted)
rPois    +         Spirit   .   (no amulet)
rElec    +         Reflect  +   g - ring of magical power
rCorr    .         Harm     .   f - ring of protection from fire
MR       +....                  l - +2 ring of intelligence
Stlth    ++++......             q - ring of wizardry
HPRegen  0.22/turn              J - ring of poison resistance
MPRegen  0.25/turn              s - ring of protection from magic
                                (no ring)
                                (no ring)

@: icy armour, very slightly contaminated
A: almost no armour, stealthy swim, amphibious, 8 rings, constrict 8, camouflage
1, gelatinous body 1
a: Channel Magic, Forget Spell, Divine Exegesis, Renounce Religion


You were on level 10 of the Dungeon.
You worshipped Sif Muna.
Sif Muna was greatly pleased with you.
You were near starving.

You visited 2 branches of the dungeon, and saw 13 of its levels.
You also visited: Bailey.

You collected 578 gold pieces.
You spent 212 gold pieces at shops.

Inventory:

Hand Weapons
 h - a +1 vorpal shortbow
 w - a +0 arbalest
 F - the +8 long sword of Innocence (weapon) {vamp, rElec}
   (You bought it in a shop on level 7 of the Dungeon)

   It inflicts no extra harm, but heals its wielder when it wounds a living foe.
   It insulates you from electricity.
Missiles
 a - 50 sling bullets
 e - 50 poisoned darts (quivered)
 k - 171 arrows
 x - 5 throwing nets
 H - 18 bolts
Armour
 L - a +2 kite shield of reflection (worn)
Jewellery
 f - a ring of protection from fire (right tentacle)
 g - a ring of magical power (left tentacle)
 l - a +2 ring of intelligence (on tentacle)
 q - a ring of wizardry (on tentacle)
 s - a ring of protection from magic (on tentacle)
 u - an uncursed ring of fire
 J - a ring of poison resistance (on tentacle)
Wands
 n - a wand of iceblast (11)
 z - a wand of flame (27)
 B - a wand of disintegration (18)
 C - a wand of random effects (21)
 E - a wand of polymorph (13)
 M - a wand of scattershot (3)
Scrolls
 d - 10 scrolls of identify
 i - 7 scrolls of teleportation
 m - a scroll of fog
 v - a scroll of fear
 D - a scroll of remove curse
 G - a scroll of enchant weapon
Potions
 b - 3 potions of berserk rage {unknown}
 r - a potion of resistance
 A - a potion of curing
 I - 2 potions of stabbing {unknown}
 K - a potion of flight
Comestibles
 c - 12 rations
 j - 18 chunks of flesh


   Skills:
 * Level 4.7 Fighting
   Level 1.8(3.8) Short Blades
 * Level 5.3(5.4) Long Blades
 + Level 3.5 Dodging
 - Level 6.1 Stealth
 * Level 3.6 Shields
 * Level 11.4 Spellcasting
 + Level 0.7 Conjurations
 + Level 3.8 Charms
 + Level 0.6 Translocations
 - Level 4.0 Transmutations
 + Level 3.3 Ice Magic
 + Level 9.8 Earth Magic
 * Level 3.4 Invocations


You had 13 spell levels left.
You knew the following spells:

 Your Spells              Type           Power        Failure   Level  Hunger
a - Sandblast             Erth           ######       1%          1    None
b - Passwall              Tmut/Erth      #####...     1%          2    None
c - Stone Arrow           Conj/Erth      ####..       3%          3    None
d - Lee's Rapid Deconstr  Erth           ######....   4%          5    ####...
e - Petrify               Tmut/Erth      #####...     6%          4    #......
f - Shroud of Golubria    Chrm/Tloc      ###...       6%          2    None
g - Ozocubu's Armour      Chrm/Ice       ####....     7%          3    None

Your spell library contained the following spells:

 Spells                   Type           Power        Failure   Level  Hunger
 Infusion                 Chrm           ####         1%          1    None
 Song of Slaying          Chrm           ####....     3%          2    None
 Spectral Weapon          Hex/Chrm       ###.....     13%         3    None


Dungeon Overview and Level Annotations

Branches:
Dungeon (12/15)            Temple (1/1) D:6          Bailey (visited)
   Lair: D:8-11         Orc: D:9-12

Altars:
Ashenzari
Dithmenos
Elyvilon
Fedhas
Gozag
Hepliaklqana
Kikubaaqudgha
Makhleb
Nemelex Xobeh
Okawaru
Qazlal
Ru
Sif Muna
Trog
Uskayaw
Vehumet
Wu Jian
Xom
Yredelemnul
Zin
The Shining One

Shops:
D:7 *   D:9 %


Innate Abilities, Weirdness & Mutations

You cannot wear most types of armour.
You are very stealthy in the water. (Stealth+)
You are amphibious.
You can wear up to eight rings at the same time.
You can use your tentacles to constrict eight enemies at once.
Your skin changes colour to match your surroundings (Stealth+).
Your rubbery body absorbs attacks. (AC +1, EV +1)


Message History

* * * LOW HITPOINT WARNING * * *
Something draws strength from your injuries!
Okay, then.
Okay, then.
Unknown command.
Unknown command.
Casting: Lee's Rapid Deconstruction (safe; 4% risk of failure)
Confirm with . or Enter, or press ? or * to list all spells.
Okay, then.
Okay, then.
Unknown command.
Unknown command.
Okay, then.
Unknown command.
Unknown command.
Okay, then.
You feel better. Something hits you.
* * * LOW HITPOINT WARNING * * *
Something bites you.
You die...

#....##........P...# ...#
#....##...P..P.PP..# ...#
#...รท##)..P........# ....
#....).............##..###
#...###...................
#.........................
#.........................
#...............{##.........
###............@.##.........
...........#######.........
............# ###.###..#
...........).# .. ..
.............# ... .
.........# .... ...#######
.... ... ##


There were no monsters in sight!

Vanquished Creatures
  Harold (D:7)
  2 two-headed ogres (D:8)
  Pikel (D:6)
  3 orc knights (Bailey)
  An ugly thing (D:12)
  2 deep elf magi (D:12)
  A manticore (D:12)
  Psyche (D:10)
  2 centaur skeletons
  3 trolls
  Prince Ribbit (D:6)
  A hornet (D:12)
  3 slime creatures (D:12)
  Sigmund (D:6)
  A shadow (D:12)
  A wraith (D:12)
  11 yaks
  A wyvern (D:11)
  A hungry ghost (D:12)
  A water moccasin (D:8)
  Duvessa (D:5)
  2 porcupines (D:10)
  5 orc warriors
  2 ice beasts
  A hornet zombie (D:12)
  3 phantoms
  5 sky beasts
  4 slaves
  9 ogres
  2 eyes of draining
  6 centaurs
  A crocodile (D:10)
  A big kobold (D:12)
  7 bullfrogs
  Blork the orc (D:5)
  Dowan (D:5)
  2 wyvern skeletons
  3 scorpions
  A water moccasin zombie (D:7)
  3 wights (D:9)
  4 killer bees (D:10)
  3 howler monkeys
  3 crimson imps
  3 bullfrog zombies
  A centaur zombie (D:9)
  A jelly (D:12)
  A quasit (D:5)
  8 hounds
  2 bullfrog skeletons
  3 iguanas
  2 orc priests
  Crazy Yiuf (D:7)
  Ijyb (D:5)
  Natasha (thrice) (D:4)
  4 orc wizards
  2 worker ants
  3 hound zombies
  2 hound skeletons
  7 gnolls
  12 adders
  6 white imps (D:11)
  2 worms (D:6)
  A dart slug (D:4)
  6 leopard geckos
  34 orcs
  2 ball pythons
  8 giant cockroaches
  8 hobgoblins
  9 jackals
  8 quokkas
  7 bats
  A frilled lizard (D:2)
  11 goblins
  14 kobolds
  A leopard gecko skeleton (D:5)
  19 rats
302 creatures vanquished.

Vanquished Creatures (others)
  5 fungi (D:10)
5 creatures vanquished.

Grand Total: 307 creatures vanquished

Notes
Turn   | Place    | Note
-------+----------+-------------------------------------------
     0 | D:1      | Conn the Octopode Earth Elementalist began the quest for
                  | the Orb.
     0 | D:1      | Reached XP level 1. HP: 11/11 MP: 3/3
   206 | D:1      | Reached XP level 2. HP: 17/17 MP: 1/5
   517 | D:1      | Reached XP level 3. HP: 19/21 MP: 6/6
  1033 | D:2      | Found a shadowy altar of Dithmenos.
  1398 | D:2      | Learned a level 2 spell: Passwall
  1402 | D:2      | Learned a level 3 spell: Stone Arrow
  1539 | D:2      | Found a burning altar of Makhleb.
  1582 | D:2      | Found a blossoming altar of Fedhas.
  1621 | D:2      | Reached XP level 4. HP: 27/27 MP: 8/8
  2066 | D:2      | Reached skill level 3 in Spellcasting
  2200 | D:3      | Found a radiant altar of Vehumet.
  2699 | D:3      | Reached XP level 5. HP: 30/31 MP: 9/9
  2912 | D:4      | Reached skill level 1 in Short Blades
  3001 | D:4      | Noticed Natasha
  3345 | D:4      | Killed Natasha
  3451 | D:4      | Noticed Natasha
  3458 | D:4      | Killed Natasha
  3458 | D:4      | Reached XP level 6. HP: 35/37 MP: 11/11
  3629 | D:4      | Reached skill level 4 in Spellcasting
  3629 | D:4      | Reached skill level 5 in Earth Magic
  3854 | D:4      | Noticed Natasha
  3861 | D:4      | Killed Natasha
  3861 | D:4      | Reached XP level 7. HP: 21/42 MP: 13/13
  4441 | D:5      | Entered Level 5 of the Dungeon
  4488 | D:5      | Noticed Dowan
  4610 | D:6      | Noticed Pikel
  4813 | D:5      | Reached skill level 5 in Spellcasting
  5257 | D:5      | Learned a level 5 spell: Lee's Rapid Deconstruction
  5262 | D:5      | Learned a level 4 spell: Petrify
  5265 | D:5      | Found a shimmering altar of Xom.
  5469 | D:5      | Noticed Blork the orc
  5474 | D:5      | Noticed Ijyb
  5480 | D:5      | Killed Ijyb
  5481 | D:5      | Killed Blork the orc
  5698 | D:5      | Noticed Duvessa
  5706 | D:5      | Killed Duvessa
  5706 | D:5      | Reached skill level 1 in Fighting
  5706 | D:5      | Reached XP level 8. HP: 12/48 MP: 2/16
  5717 | D:5      | Killed Dowan
  5940 | D:5      | Reached skill level 6 in Spellcasting
  6545 | D:6      | Noticed Sigmund
  6549 | D:6      | Noticed Prince Ribbit
  6559 | D:6      | Killed Sigmund
  6560 | D:6      | Killed Prince Ribbit
  6560 | D:6      | Reached skill level 5 in Stealth
  6560 | D:6      | Reached skill level 7 in Spellcasting
  6560 | D:6      | Reached XP level 9. HP: 50/53 MP: 3/19
  6767 | D:6      | Killed Pikel
  6921 | D:6      | Found a staircase to the Ecumenical Temple.
  6936 | Temple   | Entered the Ecumenical Temple
  6974 | Temple   | Became a worshipper of Sif Muna the Loreminder
  7050 | D:6      | Found a blossoming altar of Fedhas.
  7284 | D:6      | Reached skill level 8 in Spellcasting
  7688 | D:7      | Learned a level 2 spell: Shroud of Golubria
  7692 | D:7      | Learned a level 3 spell: Ozocubu's Armour
  8051 | D:7      | Noticed Harold
  8069 | D:7      | Killed Harold
  8069 | D:7      | Reached skill level 1 in Charms
  8069 | D:7      | Reached skill level 1 in Ice Magic
  8069 | D:7      | Reached XP level 10. HP: 39/58 MP: 22/22
  8082 | D:7      | Found Widumo's Assorted Antiques.
  8097 | D:7      | Bought a steaming long sword for 212 gold pieces
  8097 | D:7      | Identified the +8 long sword of Innocence {vamp, rElec}
                  | (You bought it in a shop on level 7 of the Dungeon)
  8248 | D:7      | Found a runed translucent door.
  8249 | D:7      | Noticed Crazy Yiuf
  8258 | D:7      | Killed Crazy Yiuf
  8360 | D:7      | Found a glowing silver altar of Zin.
  8369 | D:7      | Found a burning altar of Makhleb.
  8369 | D:7      | Found a stormy altar of Qazlal.
  8370 | D:7      | Found a basalt altar of Yredelemnul.
  8372 | D:7      | Found a sacrificial altar of Ru.
  8373 | D:7      | Found an ornate altar of the Wu Jian Council.
  8451 | D:8      | Noticed a two-headed ogre
  8789 | D:8      | Reached * piety under Sif Muna
  9094 | D:8      | Killed a two-headed ogre
  9094 | D:8      | Reached skill level 1 in Long Blades
  9094 | D:8      | Reached skill level 9 in Spellcasting
  9850 | D:8      | Noticed a two-headed ogre
  9919 | D:8      | Killed a two-headed ogre
 10344 | D:9      | Found a flagged portal.
 10398 | Bailey   | Entered a bailey
 10462 | Bailey   | Reached ** piety under Sif Muna
 10554 | Bailey   | Noticed an orc knight
 10554 | Bailey   | Noticed an orc knight
 10554 | Bailey   | Noticed an orc knight
 10571 | Bailey   | Killed an orc knight
 10571 | Bailey   | Reached skill level 10 in Spellcasting
 10571 | Bailey   | Reached XP level 11. HP: 66/66 MP: 25/25
 10597 | Bailey   | Killed an orc knight
 10978 | Bailey   | Killed an orc knight
 11338 | D:9      | Reached skill level 1 in Shields
 11628 | D:9      | Found Woefuul's Food Boutique.
 11642 | D:9      | Found a white marble altar of Elyvilon.
 11725 | D:9      | You fall into a shaft and drop 3 floors!
 11979 | D:12     | Noticed a deep elf mage
 12020 | D:12     | Killed a deep elf mage
 12347 | D:12     | Reached skill level 1 in Invocations
 12404 | D:12     | Noticed a green ugly thing
 12434 | D:12     | Noticed a manticore
 12450 | D:12     | Killed a green ugly thing
 12776 | D:12     | Killed a manticore
 13067 | D:12     | Noticed a deep elf mage
 13081 | D:12     | Killed a deep elf mage
 13081 | D:12     | Reached skill level 11 in Spellcasting
 13413 | D:12     | Reached *** piety under Sif Muna
 13543 | D:12     | Reached XP level 12. HP: 64/74 MP: 27/27
 14087 | D:10     | Entered Level 10 of the Dungeon
 14087 | D:10     | Noticed Psyche
 14094 | D:10     | Killed Psyche
 14321 | D:10     | Reached skill level 5 in Long Blades
 14331 | D:10     | Reached **** piety under Sif Muna
 14430 | D:10     | HP: 2/75 [something (9)]
 14431 | D:10     | Slain by a vampire

Levels and vault maps discovered:
D:1:      dpeg_arrival_ratfight, layout_loops_cross
D:2:      minmay_general_purpose_star, layout_basic,
          nicolae_overflow_hidden_temple, grunt_dithmenos_smoke, serial_glass,
          glass_columns_a, glass_columns_a, glass_columns_a, glass_columns_b,
          columned_hall_lemuel, minmay_misc_feat_alley, bloody_makhleb
D:3:      layout_loops_ring, overflow_temple_1_default
D:4:      layout_loops_corners, uniq_natasha
D:5:      layout_loops_ring, first_ration, basic_altar, uniq_duvessa,
          uniq_blork_the_orc, uniq_ijyb
D:6:      layout_cave_pools, minmay_temple_entry_tees, gup_sewer_entry_bubbles,
          fedhas_bush_and_centaur_altar, uniq_pikel, uniq_prince_ribbit1,
          uniq_sigmund
D:7:      layout_rooms, minitemple, serial_shops, kennysheep_mini,
          uniq_crazy_yiuf_cottage, uniq_harold
D:8:      layout_cave_pools
D:9:      cheibrodos_elevator_heist, layout_basic, old_standard_altar,
          serial_shops, nicolae_shop_crystal, enter_bailey_3,
          hangedman_fish_farm
D:10:     layout_basic, due_lair_maze_entry_diamond, uniq_psyche
D:11:     layout_cross, erik_orc_1, serial_column_ruins, column_ruins_grid_1,
          column_ruins_open_small, column_ruins_corridor_corner,
          column_ruins_corridor_straight, column_ruins_open_small, basic_altar,
          portal_ice_cave_entry_imps
D:12:     layout_basic
Temple:   nicolae_temple_x_marks_the_god

Skill      XL: |  1  2  3  4  5  6  7  8  9 10 11 12 |
---------------+-------------------------------------+-----
Earth Magic    | 4 5 6 7 8 9 |  9.8
Stealth        | 3 4 5 6 |  6.1
Spellcasting   | 3 4 5 7 8 10 11 | 11.4
Short Blades   | 1 |  1.8
Fighting       | 1 2 4 |  4.7
Transmutations | 2 3 4 |  4.0
Charms         | 1 3 |  3.8
Ice Magic      | 1 3 |  3.3
Long Blades    | 2 4 5 |  5.3
Dodging        | 3 |  3.5
Shields        | 3 |  3.6
Invocations    | 2 3 |  3.4
Conjurations   | |  0.7
Translocations | |  0.6

Action                   |  1- 3 |  4- 6 |  7- 9 | 10-12 || total
-------------------------+-------+-------+-------+-------++-------
Melee: Unarmed           |     4 |       |       |       ||     4
       Constrict         |    11 |    14 |    12 |    31 ||    68
       Short sword       |    27 |    71 |    43 |       ||   141
       Tentacles         |     4 |     8 |    13 |    34 ||    59
       Long sword        |       |       |       |   180 ||   180
 Cast: Sandblast         |    41 |    39 |   100 |   169 ||   349
       Stone Arrow       |       |     1 |     1 |    55 ||    57
       Lee's Rapid Decon |       |       |    13 |    41 ||    54
       Petrify           |       |       |    12 |    18 ||    30
       Shroud of Golubri |       |       |       |    23 ||    23
       Ozocubu's Armour  |       |       |       |     8 ||     8
Invok: Channel Magic     |       |       |       |     5 ||     5
Evoke: Wand              |       |       |     1 |     1 ||     2
  Use: Potion            |       |       |     9 |     8 ||    17
       Scroll            |       |       |     6 |     8 ||    14
 Stab: Sleeping          |     5 |     6 |     6 |    12 ||    29
       Distracted        |       |     1 |       |     1 ||     2
       Petrified         |       |       |    15 |    26 ||    41
       Petrifying        |       |       |       |     4 ||     4
  Eat: Chunk             |     2 |     7 |    15 |    25 ||    49
       Ration            |       |       |     1 |     3 ||     4
Armor: Skin              |     9 |     7 |    12 |    41 ||    69
Dodge: Dodged            |    22 |    62 |    56 |   120 ||   260
Block: Kite shield       |       |       |       |    94 ||    94
       Reflection        |       |       |       |     7 ||     7
       Rpst.: Long sword |       |       |       |    39 ||    39

Table legend:
 A = Non-vault XP
 B = Vault XP
 C = Vault XP percentage of total XP
 D = Non-vault monster count
 E = Vault monster count
 F = Vault count percentage of total count
                 A         B        C        D         E       F
            +---------+---------+-------+---------+---------+-------
      Total |   17012 |    6335 |  27.1 |     239 |      59 |  19.8
            +---------+---------+-------+---------+---------+-------
        D:1 |      37 |       5 |  11.9 |      20 |       5 |  20.0
        D:2 |      54 |      17 |  23.9 |      22 |       4 |  15.4
        D:3 |      74 |       0 |   0.0 |      15 |       0 |   0.0
        D:4 |     463 |      35 |   7.0 |      19 |       1 |   5.0
        D:5 |     384 |     361 |  48.5 |      16 |       4 |  20.0
        D:6 |     644 |    1271 |  66.4 |      14 |      10 |  41.7
        D:7 |     497 |    1055 |  68.0 |      12 |       2 |  14.3
        D:8 |    3871 |       0 |   0.0 |      28 |       0 |   0.0
        D:9 |     907 |       7 |   0.8 |      18 |       4 |  18.2
       D:10 |    1160 |    1033 |  47.1 |      15 |       6 |  28.6
       D:11 |    2182 |      62 |   2.8 |      17 |       6 |  26.1
       D:12 |    6739 |       0 |   0.0 |      43 |       0 |   0.0
     Bailey |       0 |    2489 | 100.0 |       0 |      17 | 100.0
            +---------+---------+-------+---------+---------+-------
